 Dungeon Crawl Stone Soup version 0.32-a0-984-gb8cfe57ea9 (webtiles) character file.

Game seed: 4847921331991403879

356475 Sokar the Wrestler (level 21, -28/252 HPs)
             Began as a Yellow Draconian Shapeshifter on Apr 21, 2024.
             Was the Champion of Makhleb.
             Killed from afar by Xtahua (77 damage)
             ... with a searing blast
             ... while paralysed by Xtahua
             ... on level 5 of the Vaults.
             The game lasted 02:43:41 (43376 turns).

Sokar the Wrestler (Yellow Draconian Shapeshifter) Turns: 43376, Time: 02:43:41

Health: -28/252    AC: 44    Str: 26    XL:     21   Next: 39%
Magic:  32/32      EV:  2    Int: 13    God:    Makhleb [******]
Gold:   2259       SH:  0    Dex: 10    Spells: 20/20 levels left

rFire   . .          .
                       - Unarmed
rCold   . . .        y - +0 tower shield {AC+3}
rNeg    + . .        (body armour unavailable)
rPois   ∞            (helmet restricted)
rElec   +            F - +1 cloak
rCorr   +            E - melded +1 pair of gloves
SInv    .            (boots currently unavailable)
Will    +....        Q - amulet of regeneration
Stlth   +            b - +4 ring of protection
HPRegen 1.42/turn    J - +4 ring of protection
MPRegen 0.23/turn

%: no passive effects
@: paralysed, statue-form, studying Ranged Weapons
A: slow and powerful, torment resistance 1, boosted hp, (caustic breath), AC
+11, unfitting armour, acidic bite, cold-blooded, acid resistance
}: 2/15 runes: decaying, serpentine
a: Begin Untransformation, Renounce Religion, Minor Destruction, Lesser Servant
of Makhleb, Major Destruction, Greater Servant of Makhleb


You were on level 5 of the Vaults.
You worshipped Makhleb.
Makhleb was exalted by your worship.
You were a living statue of rough stone.
You visited 6 branches of the dungeon, and saw 35 of its levels.
You also visited: Bailey, Ice Cave and Wizlab.

You collected 4557 gold pieces.
You spent 2298 gold pieces at shops.

Inventory:

Missiles
 h - 10 curare-tipped darts (quivered)
 k - 2 throwing nets
Armour
 y - a +0 tower shield of protection (worn)
 E - a +1 pair of gloves (melded)
 F - a +1 cloak (worn)
Jewellery
 b - a +4 ring of protection (left fist)
 C - a ring of protection from cold
 D - a ring of protection from fire
 H - a ring of positive energy
 J - a +4 ring of protection (right fist)
 N - a ring of willpower
 Q - an amulet of regeneration (around neck)
Talismans
 c - a flux talisman
 m - a blade talisman
 w - a granite talisman (active)
Wands
 f - a wand of mindburst (16)
 o - a wand of flame (79)
 s - a wand of iceblast (43)
 x - a wand of charming (64)
 M - a wand of digging (19)
 R - a wand of quicksilver (20)
 Y - a wand of polymorph (16)
Scrolls
 g - 18 scrolls of teleportation
 i - 2 scrolls of fear
 l - 2 scrolls of amnesia
 n - 6 scrolls of enchant armour
 q - 7 scrolls of revelation
 v - a scroll of silence
 A - 14 scrolls of identify
 B - 3 scrolls of blinking
 G - a scroll of brand weapon
 I - 2 scrolls of summoning
 K - 3 scrolls of poison
 U - 3 scrolls of enchant weapon
 W - a scroll of fog
 Z - 3 scrolls of immolation
Potions
 a - 9 potions of lignification
 d - 2 potions of magic
 e - 10 potions of brilliance
 j - 5 potions of haste
 p - 14 potions of curing
 r - 7 potions of invisibility
 t - 6 potions of attraction
 u - 6 potions of heal wounds
 z - 8 potions of mutation
 L - 6 potions of enlightenment
 O - 3 potions of might
 P - 3 potions of cancellation
 S - a potion of ambrosia
 T - 2 potions of resistance
Miscellaneous
 V - a Gell's gravitambourine (2/2)
 X - a tin of tremorstones (2/2)


   Skills:
 - Level 18.0 Fighting
 - Level 1.7 Dodging
 - Level 15.0 Shields
 - Level 22.0 Unarmed Combat
 - Level 15.0 Invocations
 + Level 20.0 Shapeshifting


You had 20 spell levels left.
You didn't know any spells.
Your spell library contained the following spells:

 Spells                   Type           Power      Damage    Failure   Level
 Foxfire                  Conj/Fire      0%         2x1d4     56%         1
 Freeze                   Ice            0%         1d3       56%         1
 Slow                     Hex            0%         N/A       56%         1
 Blink                    Tloc           0%         N/A       71%         2
 Call Imp                 Summ           0%         N/A       71%         2
 Cigotuvi's Dreadful Rot  Necr/Alch/Air  0%         N/A       71%         2
 Jinxbite                 Hex            0%         N/A       71%         2
 Lesser Beckoning         Tloc           0%         N/A       71%         2
 Mercury Vapours          Alch/Air       0%         N/A       71%         2
 Momentum Strike          Conj/Tloc      0%         3d8       71%         2
 Scorch                   Fire           0%         2d5       71%         2
 Static Discharge         Conj/Air       0%         3-3/arc   71%         2
 Confusing Touch          Hex            0%         N/A       91%         3
 Dazzling Flash           Conj/Hex       0%         N/A       91%         3
 Frozen Ramparts          Ice            0%         1d1       91%         3
 Hailstorm                Conj/Ice       0%         3d5       91%         3
 Inner Flame              Hex/Fire       0%         N/A       91%         3
 Maxwell's Portable Pile  Tloc           0%         2d(5-13)  91%         3
 Mephitic Cloud           Conj/Alch/Air  0%         N/A       91%         3
 Teleport Other           Tloc           0%         N/A       91%         3
 Tukima's Dance           Hex            0%         N/A       91%         3
 Vampiric Draining        Necr           0%         2d6       91%         3
 Airstrike                Air            0%         2d(0-16)  100%        4
 Animate Dead             Necr           0%         N/A       100%        4
 Brom's Barrelling Bould  Conj/Erth      0%         2d3       100%        4
 Dispel Undead            Necr           0%         3d6       100%        4
 Flame Wave               Conj/Fire      0%         2d4       100%        4
 Ignite Poison            Fire/Alch      0%         N/A       100%        4
 Leda's Liquefaction      Alch/Erth      0%         N/A       100%        4
 Passage of Golubria      Tloc           0%         N/A       100%        4
 Petrify                  Alch/Erth      0%         N/A       100%        4
 Sticky Flame             Fire/Alch      0%         2d4       100%        4
 Summon Blazeheart Golem  Fire/Summ      0%         N/A       100%        4
 Summon Lightning Spire   Summ/Air       0%         N/A       100%        4
 Fireball                 Conj/Fire      0%         3d3       100%        5
 Freezing Cloud           Conj/Ice/Air   0%         6-21      100%        5
 Irradiate                Conj/Alch      0%         3d11      100%        5
 Iskenderun's Battlesphe  Conj           0%         2d6       100%        5
 Lee's Rapid Deconstruct  Erth           0%         3d4*      100%        5
 Metabolic Englaciation   Hex/Ice        0%         N/A       100%        5
 Silence                  Hex/Air        0%         N/A       100%        5
 Summon Forest            Summ/Tloc      0%         N/A       100%        5
 Yara's Violent Unravell  Hex/Alch       0%         3d3       100%        5
 Bombard                  Conj/Erth      0%         9d1       100%        6
 Conjure Ball Lightning   Conj/Air       0%         3x3d6     100%        6
 Dispersal                Tloc           0%         N/A       100%        6
 Eringya's Noxious Bog    Alch           0%         4d6       100%        6
 Gell's Gavotte           Tloc           0%         2d(11-16) 100%        6
 Plasma Beam              Fire/Air       0%         2x1d10    100%        6
 Starburst                Conj/Fire      0%         6d3       100%        6
 Summon Cactus Giant      Summ           0%         N/A       100%        6
 Magnavolt                Erth/Air       0%         3d9       100%        7
 Manifold Assault         Tloc           0%         N/A       100%        7
 Orb of Destruction       Conj           0%         9d5       100%        7
 Spellforged Servitor     Conj/Summ      0%         N/A       100%        7
 Summon Hydra             Summ           0%         N/A       100%        7
 Disjunction              Tloc           0%         N/A       100%        8
 Ignition                 Fire           0%         3d3       100%        8
 Chain Lightning          Conj/Air       0%         N/A       100%        9
 Death's Door             Necr           0%         N/A       100%        9
 Fire Storm               Conj/Fire      0%         5d1       100%        9
 Shatter                  Erth           0%         3d5*      100%        9
 Sublimation of Blood     Necr           Unusable   N/A       N/A         2
 Animate Armour           Summ/Erth      Unusable   N/A       N/A         4

Dungeon Overview and Level Annotations

Branches:
Dungeon (15/15)            Temple (0/1) D:7            Lair (5/5) D:11
  Swamp (4/4) Lair:2        Snake (4/4) Lair:2        Slime (0/5) Lair:5
    Orc (2/2) D:10            Elf (0/3) Orc:2        Vaults (4/5) D:14
  Crypt (0/3) Vaults:3     Depths (0/4) D:15         Bailey (visited)
  IceCv (visited)          WizLab (visited)

Altars:
Ashenzari
Dithmenos
Elyvilon
Fedhas
Gozag
Kikubaaqudgha
Nemelex Xobeh
Qazlal
Ru
Sif Muna
Zin
The Shining One
Beogh
Jiyva

Shops:
D:11 (   D:12 *   D:13 *   Orc:1 *:   Orc:2 ?(**   Snake:2 :=:   Snake:3 [
Vaults:2 *:[(   Vaults:3 ?**

Portals:
Abyss: D:9

Annotations:
D:9 2 transporters, Pascal76's ghost, novice MiFi
Lair:4 Kirke
Swamp:4 Roxanne
Snake:4 1 exclusion
Vaults:5 Xtahua


Innate Abilities, Weirdness & Mutations

You are a living statue of rough stone.
Your actions are slow, but your melee attacks are powerful.
You are resistant to unholy torment.
Your maximum health is greatly increased.
Your equipment is partially melded.
((You can breathe corrosive fumes.))
((Your golden yellow scales are hard. (AC +11)))
You cannot fit into any form of body armour.
You are immune to poison.
You have acidic saliva.
You are cold-blooded and may be slowed by cold attacks.
You are resistant to acid. (rCorr)


Message History

You block Xtahua's attack.
An ironbound preserver comes into view. It is wielding a +0 flail.
You barely miss Xtahua. You bite Xtahua, but do no damage.
Xtahua bites you but does no damage. You block Xtahua's attack.
Xtahua tramples you.
You hold your ground!
You hit Xtahua but do no damage. You tail-slap Xtahua, but do no damage.
Your bite misses Xtahua. You block Xtahua's attack. x3
A vault warden comes into view.
It is wielding a +2 great mace of protection.
The storm dragon breathes lightning at you.
The bolt of lightning hits you. You resist.
The vault warden shouts!
You hear a shout!
You pummel Xtahua!! Your bite misses Xtahua.
Xtahua is lightly wounded.
The vault sentinel blows a loud note on a signal horn!
A shadow dragon comes into view.
Xtahua roars overwhelmingly at you!
You suddenly lose the ability to move!
Xtahua breathes fire at you. The searing blast hits you!!!
* * * LOW HITPOINT WARNING * * *
You hear a shout!
The storm dragon bites you.
* * * LOW HITPOINT WARNING * * *
The storm dragon claws you but does no damage.
The storm dragon tramples you but does no damage.
Xtahua bites you but does no damage. Xtahua claws you.
* * * LOW HITPOINT WARNING * * *
Xtahua tramples you but does no damage.
The storm dragon bites you but does no damage.
The storm dragon claws you but does no damage.
The storm dragon barely misses you. The ettin hits you but does no damage.
The ettin hits you with a +0 great mace.
* * * LOW HITPOINT WARNING * * *
The ironbound preserver casts a spell.
The ironbound preserver begins to accept its allies' injuries.
Xtahua roars, "I'VE KILLED HUNDREDS OF ADVENTURERS!"
Xtahua breathes fire at you. The searing blast hits you!!!!
You die...
Xtahua rumbles, "TIME FOR A NIBBLE."

## ##=# ##(??#
##$(($?##
#.......##
....p.D..##
...DppDI$.#
....p.C....#
...:........#
.............#
...............
###############


You could see Xtahua (sheltered, catching breath), a shadow dragon (sheltered),
an ironbound preserver, a storm dragon (sheltered), a vault warden (sheltered),
a vault guard (sheltered), an ettin (sheltered) and a vault sentinel
(sheltered).

Vanquished Creatures
  Rupert (D:12)
  Jorgrun (Swamp:2)
  Mlioglotl (Swamp:1)
  4 tentacled monstrosities
  A lich (Vaults:4)
  2 deep elf master archers (WizLab)
  An ancient champion (Vaults:3)
  2 sphinxes (Vaults:4)
  4 thorn hunters
  A tengu reaver (Vaults:3)
  Frances (Snake:2)
  Aizul (Snake:1)
  A shadow dragon (Vaults:4)
  5 nagarajas (Snake:4)
  4 fire giants (Vaults:4)
  3 fenstrider witches (WizLab)
  4 orc warlords
  11 vault wardens
  5 ghouls
  21 ironbound preservers
  2 stone giants
  5 formless jellyfish
  9 ironbound thunderhulks
  6 eleionomae
  A deep elf death mage (Vaults:1)
  10 dire elephants
  6 bunyips
  Snorg (D:13)
  2 crystal guardians (Vaults:3)
  2 blizzard demons (IceCv)
  An ettin (Vaults:4)
  3 entropy weavers
  9 yaktaur captains
  4 shambling mangroves (WizLab)
  4 salamander tyrants
  8 great orbs of eyes
  Harold (D:11)
  25 vault guards
  13 ironbound frosthearts
  Erolcha (D:11)
  A caustic shrike simulacrum (IceCv)
  A peacekeeper (Vaults:3)
  5 alligators (Swamp:1)
  3 ghost crabs
  9 anacondas
  A two-headed ogre (shapeshifter) (Vaults:1)
  21 hydras
  18 centaur warriors
  5 ogre magi
  A sphinx skeleton (Vaults:3)
  12 death yaks
  2 death knights (D:15)
  4 boulder beetles
  2 catoblepae
  A satyr (WizLab)
  A hell hog (Lair:5)
  A deep troll earth mage (Vaults:4)
  13 naga warriors
  11 two-headed ogres
  18 naga sharpshooters
  An orc high priest (Orc:1)
  9 shock serpents
  2 spriggan berserkers (Swamp:4)
  A deep elf knight (Swamp:1)
  5 skeletal warriors (Vaults:3)
  A hell knight (D:15)
  2 skysharks (Lair:4)
  7 spriggan druids
  2 salamander mystics
  3 sea snakes (Snake:3)
  4 goliath frogs
  45 deep trolls
  3 deep elf archers
  9 arcanists
  4 mana vipers
  15 swamp dragons
  A steelbarb worm (shapeshifter) (Vaults:1)
  17 bog bodies
  8 lindwurms
  3 phantasmal warriors
  A harpy (Vaults:4)
  17 ironbound convokers
  An obsidian statue (IceCv)
  3 naga ritualists
  2 obsidian bats
  10 spriggan simulacra (IceCv)
  A sphinx simulacrum (D:15)
  2 shadow dragon skeletons
  3 necromancers
  3 deep elf pyromancers
  An orc sorcerer (Orc:1)
  26 ugly things
  An oklob plant (WizLab)
  6 fauns (WizLab)
  5 salamanders
  3 manticores
  2 will-o-the-wisps (Swamp:4)
  A cyclops (D:13)
  A human zombie (Vaults:3)
  10 elephants (Lair:5)
  A fire giant skeleton (Vaults:3)
  8 spectral spriggans (Swamp:1)
  A meliai (shapeshifter) (D:14)
  25 black mambas
  4 guardian serpents
  15 naga magi
  A stone giant skeleton (Vaults:3)
  20 cane toads
  Joseph (Lair:1)
  16 vault sentinels
  A torpor snail (Lair:5)
  A gargoyle (D:12)
  A kobold demonologist (D:9)
  35 yaktaurs
  7 freezing wraiths
  2 elf skeletons (Vaults:3)
  7 komodo dragons
  12 rime drakes
  2 unseen horrors (D:12)
  A golden dragon simulacrum (IceCv)
  3 tengu conjurers (D:15)
  2 efreet (D:14)
  2 anaconda simulacra (IceCv)
  3 human skeletons
  7 ice devils (IceCv)
  A troll (shapeshifter) (D:13)
  A polar bear (shapeshifter) (D:13)
  7 tyrant leeches
  5 trolls
  A queen bee (D:10)
  15 polar bears
  2 raiju
  3 alligator simulacra (IceCv)
  12 hornets
  An ettin zombie (Vaults:4)
  5 dream sheep
  25 blink frogs
  20 slime creatures
  3 ettin skeletons (Vaults:3)
  A vampire (D:13)
  3 shadows
  8 spriggans
  30 yaks
  6 wraiths
  11 wyverns
  A dire elephant simulacrum (IceCv)
  2 humans (D:14)
  5 hogs
  2 redbacks (Vaults:3)
  11 wargs
  2 steam dragons
  21 vampire mosquitoes
  A yaktaur simulacrum (Vaults:3)
  15 basilisks
  9 minotaur simulacra (IceCv)
  3 harpy simulacra
  A glowing shapeshifter zombie (Vaults:4)
  54 nagas
  14 swamp worms
  2 acid dragons (D:9)
  13 hell hounds (Lair:5)
  20 water moccasins
  A hydra simulacrum (IceCv)
  A glowing shapeshifter skeleton (Vaults:4)
  26 orc warriors
  12 swamp drakes
  13 black bears
  2 sky beasts
  2 ettin simulacra (IceCv)
  3 laughing skulls
  20 ogres
  23 wolves
  10 centaurs
  6 kobold brigands (Bailey)
  A gnoll sergeant (D:9)
  4 scorpions
  11 bullfrogs
  10 deep troll simulacra (IceCv)
  10 wights
  A human simulacrum (Vaults:3)
  15 killer bees
  A lindwurm simulacrum (IceCv)
  4 howler monkeys
  2 electric eels (Snake:3)
  A crimson imp (D:13)
  A bombardier beetle (D:5)
  3 hounds
  Crazy Yiuf (D:6)
  8 jellies
  12 orc priests
  A gnoll bouda (D:6)
  7 iguanas
  18 orc wizards
  2 sleepcaps
  17 hell rats
  16 gnolls
  12 adders
  A shadow imp (D:6)
  3 white imps
  A dart slug (D:3)
  54 orcs
  4 endoplasms
  2 giant cockroaches (D:4)
  8 goblins
  3 hobgoblins
  4 jackals
  16 kobolds
  5 quokkas
  5 ball pythons
  5 bats
  5 frilled lizards
  9 rats
1474 creatures vanquished.

Vanquished Creatures (collateral kills)
  An ugly thing (D:11)
1 creature vanquished.

Vanquished Creatures (others)
  3 bloated husks (Swamp:1)
  A hornet (WizLab)
  A naga (Snake:1)
  22 foxfires (Swamp:4)
27 creatures vanquished.

Grand Total: 1502 creatures vanquished

Notes
Turn   | Place    | Note
-------+----------+-------------------------------------------
     0 | D:1      | Sokar the Draconian Shapeshifter began the quest for the
                  | Orb.
     0 | D:1      | Reached XP level 1. HP: 16/16 MP: 1/1
   264 | D:1      | Reached XP level 2. HP: 23/23 MP: 2/2
   579 | D:1      | Reached skill level 4 in Unarmed Combat
   991 | D:2      | You fall into a shaft and drop 1 floor!
   997 | D:3      | Reached XP level 3. HP: 28/28 MP: 3/3
  1318 | D:2      | Reached XP level 4. HP: 31/35 MP: 4/4
  1340 | D:2      | Reached skill level 5 in Unarmed Combat
  1911 | D:3      | Reached XP level 5. HP: 30/40 MP: 5/5
  1977 | D:3      | Reached skill level 6 in Unarmed Combat
  2453 | D:4      | Reached skill level 7 in Unarmed Combat
  2453 | D:4      | Reached XP level 6. HP: 47/47 MP: 6/6
  3154 | D:5      | Entered Level 5 of the Dungeon
  3234 | D:5      | Reached skill level 8 in Unarmed Combat
  3234 | D:5      | Your scales start taking on a golden yellow colour.
  3234 | D:5      | Reached XP level 7. HP: 39/52 MP: 7/7
  3234 | D:5      | Gained mutation: You are resistant to acid. (rCorr) [Yellow
                  | Draconian growth]
  3541 | D:5      | Reached skill level 9 in Unarmed Combat
  4086 | D:6      | Reached XP level 8. HP: 58/59 MP: 8/8
  4337 | D:6      | Reached skill level 10 in Unarmed Combat
  4611 | D:6      | Found a runed translucent door.
  4612 | D:6      | Noticed Crazy Yiuf
  5039 | D:6      | Killed Crazy Yiuf
  5260 | D:7      | Found a flagged portal.
  5272 | Bailey   | Entered a bailey
  5308 | Bailey   | Reached skill level 11 in Unarmed Combat
  5580 | Bailey   | Reached skill level 5 in Shapeshifting
  5583 | Bailey   | Reached XP level 9. HP: 60/64 MP: 9/9
  5719 | Bailey   | Found a burning altar of Makhleb.
  5741 | Bailey   | Became a worshipper of Makhleb the Destroyer
  6074 | D:7      | Found a staircase to the Ecumenical Temple.
  6957 | D:8      | Reached * piety under Makhleb
  7402 | D:8      | Reached XP level 10. HP: 71/71 MP: 10/10
  7561 | D:8      | Reached skill level 10 in Shapeshifting
  7763 | D:8      | Found a shadowy altar of Dithmenos.
  7919 | D:8      | Found a sparkling altar of Nemelex Xobeh.
  7927 | D:8      | Found a glowing silver altar of Zin.
  7933 | D:8      | Found a white marble altar of Elyvilon.
  7933 | D:8      | Found a broken altar of Ashenzari.
  7939 | D:8      | Found a shimmering blue altar of Sif Muna.
  8406 | D:9      | Found a one-way gate to the infinite horrors of the Abyss.
  8406 | D:9      | Noticed Pascal76's ghost (novice MiFi)
  8406 | D:9      | Noticed a toenail golem
  8414 | D:9      | Found a transporter.
  8414 | D:9      | Found a transporter.
  8418 | D:9      | Noticed an arcanist
  8469 | D:9      | Noticed an arcanist
  8698 | D:9      | Noticed a rust devil
  8703 | D:9      | Reached skill level 5 in Fighting
  9224 | D:10     | Entered Level 10 of the Dungeon
  9279 | D:10     | Found a blossoming altar of Fedhas.
  9279 | D:10     | Found a stormy altar of Qazlal.
  9329 | D:10     | Noticed a two-headed ogre
  9334 | D:10     | Killed a two-headed ogre
  9441 | D:10     | Found an opulent altar of Gozag.
  9857 | D:9      | Reached XP level 11. HP: 97/97 MP: 11/11
  9875 | D:9      | Reached ** piety under Makhleb
 10138 | D:10     | Found a staircase to the Orcish Mines.
 10622 | D:11     | Found a glowing golden altar of the Shining One.
 10835 | D:11     | Noticed Erolcha
 10849 | D:11     | Killed Erolcha
 11083 | D:11     | Found a staircase to the Lair.
 11107 | D:11     | Noticed a white ugly thing
 11138 | D:11     | Killed a white ugly thing
 11443 | D:11     | Noticed Harold
 11449 | D:11     | Killed Harold
 11632 | D:11     | Found Omay's Weapon Emporium.
 11740 | D:11     | Noticed a boulder beetle
 11754 | D:11     | Killed a boulder beetle
 12012 | Lair:1   | Entered Level 1 of the Lair of Beasts
 12166 | Lair:1   | Noticed Joseph
 12178 | Lair:1   | Killed Joseph
 12225 | Lair:1   | Reached XP level 12. HP: 85/104 MP: 12/12
 12471 | Lair:1   | Reached *** piety under Makhleb
 13037 | Lair:2   | Found a staircase to the Swamp.
 13270 | Lair:2   | Found a staircase to the Snake Pit.
 13449 | Lair:2   | Noticed a death yak
 13450 | Lair:2   | Noticed a death yak
 13453 | Lair:2   | Noticed a death yak
 13460 | Lair:2   | Noticed a death yak
 13460 | Lair:2   | Noticed a death yak
 13462 | Lair:2   | Noticed a death yak
 13471 | Lair:2   | Killed a death yak
 13476 | Lair:2   | Killed a death yak
 13477 | Lair:2   | Reached skill level 15 in Shapeshifting
 13480 | Lair:2   | Killed a death yak
 13488 | Lair:2   | Killed a death yak
 13494 | Lair:2   | Killed a death yak
 13501 | Lair:2   | Killed a death yak
 14388 | Lair:3   | Reached skill level 1 in Invocations
 14771 | Lair:3   | Reached **** piety under Makhleb
 14802 | Lair:3   | Noticed an eight-headed hydra
 14809 | Lair:3   | Killed an eight-headed hydra
 14810 | Lair:3   | Reached skill level 5 in Invocations
 14810 | Lair:3   | Reached XP level 13. HP: 111/111 MP: 16/16
 15583 | Lair:4   | Noticed Kirke
 15599 | Lair:3   | Reached skill level 1 in Shields
 15808 | Lair:4   | Reached ***** piety under Makhleb
 15931 | Lair:4   | Reached skill level 5 in Shields
 15945 | Lair:4   | Got the Papyrus of Portentous Arcane Weapons
 15962 | Lair:4   | Got Qorghiojo's Enchiridion on Unspeakable Spells
 15969 | Lair:4   | Noticed a sphinx
 15971 | Lair:4   | Noticed a sphinx
 17270 | Lair:5   | Entered Level 5 of the Lair of Beasts
 17397 | Lair:5   | Gained mutation: You have acidic saliva. [Yellow Draconian
                  | growth]
 17397 | Lair:5   | Reached XP level 14. HP: 118/118 MP: 20/20
 17950 | Lair:5   | Reached skill level 10 in Fighting
 18008 | Lair:5   | Reached skill level 12 in Unarmed Combat
 18447 | Lair:5   | Reached ****** piety under Makhleb
 18462 | Lair:5   | Found a viscous altar of Jiyva.
 18462 | Lair:5   | Found a staircase to the Slime Pits.
 18872 | Lair:5   | Reached skill level 13 in Unarmed Combat
 19543 | Orc:1    | Entered Level 1 of the Orcish Mines
 19564 | Orc:1    | Found Ofosaos's Book Shop.
 19580 | Orc:1    | Found a roughly hewn altar of Beogh.
 19653 | Orc:1    | Paralysed by an orc sorcerer for 3 turns
 19669 | Orc:1    | Noticed an orc warlord
 19694 | Orc:1    | Killed an orc warlord
 20027 | Orc:1    | Found Ulocrol's Gadget Gallery.
 20035 | Orc:1    | Bought a wand of digging (7) for 470 gold pieces
 20087 | Orc:2    | Entered Level 2 of the Orcish Mines
 20088 | Orc:2    | Noticed an orc warlord
 20275 | Orc:1    | Killed an orc warlord
 20276 | Orc:1    | Reached XP level 15. HP: 115/134 MP: 21/21
 20444 | Orc:2    | Found a staircase to the Elven Halls.
 20548 | Orc:2    | Reached skill level 14 in Unarmed Combat
 20573 | Orc:2    | Paralysed by something for 3 turns
 20578 | Orc:2    | Paralysed by something for 5 turns
 20586 | Orc:2    | Found Guafej's Weapon Shop.
 20586 | Orc:2    | Found Xalo Bojo's Assorted Antiques.
 20586 | Orc:2    | Found Xilulae's Magic Scroll Emporium.
 20586 | Orc:2    | Found Fytiecom's Assorted Antiques.
 20766 | Orc:2    | Bought a scroll of identify for 26 gold pieces
 20766 | Orc:2    | Bought a scroll of blinking for 97 gold pieces
 20766 | Orc:2    | Bought a scroll of identify for 26 gold pieces
 20766 | Orc:2    | Bought a scroll of identify for 26 gold pieces
 20769 | Orc:2    | Bought a scroll of blinking for 210 gold pieces
 20769 | Orc:2    | Bought a scratched onyx ring for 140 gold pieces
 20770 | Orc:2    | Bought a brass ring for 170 gold pieces
 20770 | Orc:2    | Bought a runed cloak for 255 gold pieces
 21570 | D:12     | Noticed Rupert
 21589 | D:12     | Killed Rupert
 21899 | D:12     | Found Ofuisch's Assorted Antiques.
 22529 | D:13     | Reached skill level 15 in Unarmed Combat
 22599 | D:13     | Noticed Snorg
 22613 | D:13     | Killed Snorg
 22677 | D:13     | Found Uqutael's Assorted Antiques.
 22686 | D:13     | Bought a scroll of blinking for 217 gold pieces
 22686 | D:13     | Bought a potion of curing for 87 gold pieces
 22686 | D:13     | Bought 2 potions of heal wounds for 290 gold pieces
 23804 | D:14     | Reached skill level 16 in Unarmed Combat
 24307 | D:14     | Found a gate to the Vaults.
 24470 | D:15     | Entered Level 15 of the Dungeon
 24626 | D:15     | Found a staircase to the Depths.
 24633 | D:15     | Reached XP level 16. HP: 144/144 MP: 22/22
 24643 | D:15     | Reached skill level 17 in Unarmed Combat
 25231 | D:15     | Found a sacrificial altar of Ru.
 25537 | Snake:1  | Entered Level 1 of the Snake Pit
 25669 | Snake:1  | Found a glacial archway.
 25685 | IceCv    | Entered an ice cave
 25776 | IceCv    | Reached skill level 18 in Unarmed Combat
 25828 | IceCv    | Identified the +7 short sword of Scorn {flame, Dex+8}
 26838 | Snake:1  | Identified the serpent talisman of the Last Ghosts {Will+
                  | Dex+2}
 26838 | Snake:1  | Noticed Aizul
 26849 | Snake:1  | Killed Aizul
 27673 | Snake:2  | Noticed Frances
 27687 | Snake:2  | Killed Frances
 27909 | Snake:2  | Found a sparkling altar of Nemelex Xobeh.
 27931 | Snake:2  | Found Ticheusi's Book Boutique.
 27932 | Snake:2  | Found Yqacw's Jewellery Shoppe.
 27934 | Snake:2  | Found Kiaqomn's Book Boutique.
 28183 | Snake:3  | Found Inulit's Antique Armour Shoppe.
 28290 | Snake:3  | Reached XP level 17. HP: 150/150 MP: 23/23
 28346 | Snake:3  | Found an ancient bone altar of Kikubaaqudgha.
 29344 | Snake:4  | Entered Level 4 of the Snake Pit
 29800 | Snake:4  | Reached skill level 10 in Invocations
 29917 | Snake:4  | Reached skill level 10 in Shields
 31413 | Snake:4  | Got a serpentine rune of Zot
 31546 | Swamp:1  | Entered Level 1 of the Swamp
 31863 | Swamp:1  | Noticed Mlioglotl
 31867 | Swamp:1  | Noticed a bone dragon
 31872 | Swamp:1  | Killed Mlioglotl
 32268 | Swamp:1  | Reached XP level 18. HP: 158/158 MP: 25/27
 33508 | Swamp:2  | Noticed Jorgrun
 33519 | Swamp:2  | Killed Jorgrun
 34605 | Swamp:4  | Entered Level 4 of the Swamp
 35125 | Swamp:4  | Noticed Roxanne
 35841 | Swamp:4  | Got a decaying rune of Zot
 36082 | Vaults:1 | Entered Level 1 of the Vaults
 36236 | Vaults:1 | Identified the +8 morningstar of Cohuf {freeze, Int+3}
 36540 | Vaults:1 | Reached skill level 15 in Invocations
 36683 | Vaults:1 | Reached XP level 19. HP: 165/165 MP: 30/30
 36785 | Vaults:1 | Reached skill level 15 in Shields
 38030 | Vaults:2 | Found Foedyqange's Book Emporium.
 38064 | Vaults:2 | Found a magical portal.
 38086 | WizLab   | Entered Eringya's Formal Garden
 38555 | WizLab   | Paralysed by a fenstrider witch for 3 turns
 38565 | WizLab   | Reached skill level 15 in Fighting
 38762 | WizLab   | Reached skill level 19 in Unarmed Combat
 38945 | WizLab   | Found a blossoming altar of Fedhas.
 39110 | Vaults:2 | Found Geanudoj's General Store.
 39369 | Vaults:2 | Found Fiucleac's Antique Weapon Shoppe.
 39600 | Vaults:2 | Found Goanyfuo's Armour Emporium.
 39807 | Vaults:2 | Found a glowing golden altar of the Shining One.
 40347 | Vaults:3 | Reached XP level 20. HP: 180/180 MP: 31/31
 40351 | Vaults:3 | Found Ureluo's Magic Scroll Shoppe.
 40354 | Vaults:3 | Bought a scroll of blinking for 142 gold pieces
 40354 | Vaults:3 | Bought a scroll of blinking for 142 gold pieces
 40365 | Vaults:3 | Found Vatoykhli's Assorted Antiques.
 40923 | Vaults:3 | Reached skill level 20 in Unarmed Combat
 40965 | Vaults:3 | Found a staircase to the Crypt.
 41541 | Vaults:3 | Found Veczanun's Assorted Antiques.
 42127 | Vaults:4 | Reached skill level 21 in Unarmed Combat
 42327 | Vaults:4 | Reached XP level 21. HP: 194/194 MP: 32/32
 42371 | Vaults:4 | Reached skill level 22 in Unarmed Combat
 43037 | Vaults:5 | Entered Level 5 of the Vaults
 43363 | Vaults:5 | Noticed a golden dragon
 43370 | Vaults:5 | Noticed Xtahua
 43374 | Vaults:5 | Paralysed by Xtahua for 3 turns
 43376 | Vaults:5 | Killed from afar by Xtahua

Illustrated notes

Levels and vault maps discovered:
D:1:      matt_arrival_grand_opening, layout_basic
D:2:      layout_rooms
D:3:      layout_rooms
D:4:      layout_basic, minivault_25, serial_bayou_pond_b, nicolae_half_adder
D:5:      layout_rooms, serial_aquarium, aquarium_bridge_long_separate
          [aquarium_subvault_wall, aquarium_subvault_bridge,
          aquarium_subvault_wall, aquarium_subvault_window,
          aquarium_subvault_wall, aquarium_subvault_bridge],
          aquarium_bridge_straight [aquarium_subvault_bridge,
          aquarium_subvault_window, aquarium_subvault_bridge,
          aquarium_subvault_balcony], aquarium_window_fake, aquarium_window_2,
          aquarium_window_1, aquarium_window_1, aquarium_view_2d,
          aquarium_view_2c, aquarium_balcony_1a, nicolae_zig_zag_zippers
D:6:      layout_loops_cross, chequers_avenue, due_unseen_surprise,
          uniq_crazy_yiuf_cottage
D:7:      layout_loops_cross, temple_statues, enter_bailey_3
D:8:      layout_loops_ring, nicolae_dithmenos_shadow_blocks,
          minmay_overflow_temple_star_hex
D:9:      layout_irregular_city, gammafunk_ghost_abyssal_escape
D:10:     layout_grid_maze, grunt_temple_overflow_forces_of_nature,
          nicolae_gozag_seed_capital, minmay_orc_entry_guard_dogs,
          nicolae_looking_at_the_future
D:11:     layout_loops_ring, minmay_lair_entry_grove, serial_shops, shop,
          tso_oasis_becter, uniq_harold, uniq_erolcha
D:12:     layout_layer_cave, serial_shops, nicolae_shop_tiny_statue_garden,
          uniq_rupert
D:13:     layout_cave_pods, serial_shops, nicolae_lakefront_shop,
          lightli_wizard_tower, uniq_snorg
D:14:     layout_loops_ring, hellmonk_vaults_keyhole, dreamdust_wishing_well
D:15:     hangedman_depths_entry_civil_slaughter, layout_rooms,
          patterned_corridor, nicolae_ru_the_path_less_chosen
Lair:1:   layout_roguey, st_stairs_3, chequers_serial_rivers_micro_c,
          lemuel_old_faithful, lemuel_fruit_tree, lemuel_fruit_fields,
          uniq_joseph
Lair:2:   layout_hall_layers, minmay_swamp_entry_reptiles,
          minmay_snake_entry_guardpost_medium, enter_volcano_4,
          lemuel_fruit_fields
Lair:3:   layout_loops_ring, special_room [special_room_mythical_zoo],
          nicolae_quartered_pool_little
Lair:4:   nzn_winding_woodlands_small [nzn_winding_woodlands_5x15_twine,
          nzn_winding_woodlands_center_garden,
          nzn_winding_woodlands_5x15_pockets], layout_layer_cave,
          beast_lair_carwin_4, uniq_kirke
Lair:5:   hangedman_lair_in_review, layout_regular_city,
          hangedman_lair_caniforms_friends, slime_entry_2
Swamp:1:  nicolae_swamp_flooded_prison, layout_falls_marsh,
          hangedman_swamp_diagram, swamp_pool_1_2, beargit_elvish_explorers,
          uniq_mlioglotl
Swamp:2:  layout_basic_swamp, evilmike_swamp_ruin_house_1, uniq_jorgrun
Swamp:3:  layout_falls_marsh, evilmike_swamp_ruin_house_5, swamp_pool_4
Swamp:4:  swamp_basic_johnstein, layout_basic_swamp, uniq_roxanne
Snake:1:  layout_gridlike, portal_ice_cave_entry_pillars_four, uniq_aizul
Snake:2:  layout_rooms, basic_altar, minmay_shop_grove, uniq_frances
Snake:3:  layout_layer_cave, basic_altar, serial_shops,
          nicolae_shop_tiny_statue_garden, grunt_megastairs_2,
          nicolae_triple_integral, serial_bayou_shore_a
Snake:4:  minmay_snake_end_coiled, layout_layer_cave
Orc:1:    layout_caves, basic_altar, serial_shops, nicolae_shop_crystal,
          nicolae_shop_gadgets
Orc:2:    st_orc_ogre_mass, layout_diamond_mine
Vaults:1: ontoclasm_vaults_eye, nicolae_vaults_tangent_ellipses,
          ontoclasm_vaults_claustrophobia, v_alt_pattern_6, v_misc_33,
          grunt_vaults_swirl, nicolae_vaults_apartment_2, v_misc_28,
          ontoclasm_vaults_ligature, nicolae_vaults_tetromino_L_2,
          nicolae_vaults_tetromino_T_1, layout_vaults_chaotic_city
Vaults:2: lightli_enter_wizlab_magi_temple, lemuel_angel_altar,
          nicolae_vaults_trapezoid_2, nicolae_vaults_mini_display_case,
          nicolae_vaults_octothorpe, nicolae_vaults_variable_pillar_hall,
          nicolae_vaults_big_angled_halls, nicolae_vaults_six-pack,
          nicolae_vaults_heist, layout_vaults_omnigrid, serial_shops, shop,
          shop, shop, shop
Vaults:3: ontoclasm_vaults_spin, vaults_room_door_ring,
          minmay_crypt_entry_skeletal_spiral, nicolae_vaults_trapezoid_3,
          nicolae_vaults_trapezoid_2, nicolae_vaults_murderbox, v_misc_26,
          nicolae_vaults_alarming, nicolae_vaults_network_s,
          nicolae_vaults_diamond_1, v_misc_17, hangedman_vaults_unwind,
          vaults_dpeg_cross, v_misc_3, nicolae_vaults_variable_pillar_hall,
          v_misc_17, layout_vaults_omnibox, serial_shops, shop,
          nicolae_shop_back_alley_shop, shop
Vaults:4: ontoclasm_vaults_misaligned, dpeg_vaults_pockets_of_resistance,
          nicolae_vaults_disjoint_gnomons, nicolae_vaults_disjoint_gnomons,
          ontoclasm_vaults_gateway, nicolae_vaults_shrinking_rooms_2,
          nicolae_vaults_little_squares_4, nicolae_vaults_storage_closets_1,
          v_alt_pattern_6, nicolae_vaults_storage_closets_3, v_alt_pattern_1,
          ontoclasm_vaults_misaligned, nicolae_vaults_house_1,
          nicolae_vaults_tetromino_L_2, layout_vaults_maze
Vaults:5: uniq_xtahua, uniq_mara, uniq_margery

Skill      XL: |  1  2  3  4  5  6  7  8  9 10 11 12 13 14 15 16 17 18 19 20 21 |
---------------+----------------------------------------------------------------+-----
Unarmed Combat | 4 5 7 8 9 11 13 16 18 19 21 22 | 22.0
Shapeshifting  | 5 9 10 13 16 18 19 20 | 20.0
Fighting       | 9 12 13 16 18 | 18.0
Invocations    | 5 9 12 15 | 15.0
Shields        | 8 9 11 14 15 | 15.0
Dodging        | |  1.7

Action                     |  1- 3 |  4- 6 |  7- 9 | 10-12 | 13-15 | 16-18 | 19-21 || total
---------------------------+-------+-------+-------+-------+-------+-------+-------++-------
  Melee: Unarmed           |    83 |   121 |   271 |   528 |  1201 |  1254 |  1026 ||  4484
         Tailslap          |     4 |    17 |    36 |    14 |   169 |   180 |   190 ||   610
         Punch             |     3 |     6 |     7 |     2 |     7 |     2 |       ||    27
         Constrict         |       |       |       |    85 |       |       |       ||    85
         Bite              |       |       |       |       |   114 |   165 |   183 ||   462
  Throw: Dart              |       |    17 |    12 |       |       |       |       ||    29
 Invoke: Major Destruction |       |       |       |       |     3 |       |    17 ||    20
         Greater Servant o |       |       |       |       |       |     1 |       ||     1
Ability: Caustic Breath    |       |       |     6 |       |       |       |       ||     6
  Evoke: Wand              |       |     3 |    11 |     6 |     3 |     3 |       ||    26
    Use: Scroll            |     4 |     8 |     6 |     6 |     9 |    10 |     6 ||    49
         Potion            |       |       |     1 |     1 |     7 |     1 |     8 ||    18
   Stab: Sleeping          |       |       |       |     1 |       |       |       ||     1
         Distracted        |       |       |       |     1 |       |       |       ||     1
         Petrified         |       |       |       |       |    12 |       |       ||    12
 Armour: Skin              |    44 |    62 |   123 |   458 |  1769 |  1665 |  1459 ||  5580
  Dodge: Dodged            |    54 |    64 |   133 |   237 |   845 |   484 |   356 ||  2173
  Block: Buckler           |       |       |       |       |   499 |       |       ||   499
         Kite shield       |       |       |       |       |    56 |   225 |       ||   281
         Tower shield      |       |       |       |       |       |   974 |  1351 ||  2325
   Form: Flux              |       |       |     1 |     1 |       |       |       ||     2
         Serpent           |       |       |       |     2 |       |       |       ||     2
         Statue            |       |       |       |     1 |       |     4 |       ||     5
         Blade             |       |       |       |       |       |     2 |       ||     2
                           |       |       |       |       |       |     1 |       ||     1

Table legend: (Time is in decaauts)
 A = Elapsed time spent in this place.
 B = Non-inter-level travel time spent in this place.
 C = Inter-level travel time spent in this place.
 D = Time resting spent in this place.
 E = Time spent auto-exploring this place.
 F = Levels seen in this place.
 G = Mean time per level.
                   A        B        C        D        E       F      G
               +--------+--------+--------+--------+--------+-----+--------+
         Total |  57190 |  53343 |   3847 |  10429 |  29698 |  38 | 1505.0 |
       Dungeon |  17964 |  16778 |   1186 |   2813 |  11134 |  15 | 1197.6 |
          Lair |   9999 |   8748 |   1251 |   1509 |   4965 |   5 | 1999.8 |
         Swamp |   6974 |   6594 |    380 |   2142 |   2528 |   4 | 1743.5 |
     Snake Pit |   7665 |   7165 |    500 |   1356 |   3780 |   4 | 1916.2 |
  Orcish Mines |   2363 |   2265 |     98 |    483 |   1146 |   2 | 1181.5 |
        Vaults |   9214 |   8784 |    430 |   1234 |   5155 |   5 | 1842.8 |
        Bailey |    501 |    501 |      0 |    247 |     70 |   1 |  501.0 |
      Ice Cave |   1154 |   1154 |      0 |    231 |    388 |   1 | 1154.0 |
        Wizlab |   1352 |   1352 |      0 |    410 |    529 |   1 | 1352.0 |
               +--------+--------+--------+--------+--------+-----+--------+

Top non-repeatable levels by time:
  Lair:5: 3049 daAuts
 Snake:4: 2741 daAuts
Vaults:1: 2731 daAuts
  Lair:4: 2642 daAuts
 Swamp:1: 2530 daAuts
Vaults:4: 2313 daAuts
Vaults:3: 2221 daAuts
 Snake:3: 2058 daAuts
 Snake:1: 1921 daAuts
Vaults:2: 1916 daAuts
    D:13: 1779 daAuts
    D:12: 1712 daAuts
 Swamp:4: 1650 daAuts
  Lair:3: 1598 daAuts
  Lair:2: 1579 daAuts
